[Event "9. Korbacher Open 2017"]
[Site "Korbach"]
[Date "2017.10.20"]
[Round "3"]
[White "Trienekens, Tjark"]
[Black "Alkayas, Shadi"]
[Result "1-0"]
[ECO "C50"]
[WhiteElo "1865"]
[BlackElo "1975"]
[Annotator "NA RC"]
[PlyCount "75"]
[EventDate "2017.??.??"]
[EventType "swiss"]
[EventCountry "GER"]
[SourceTitle "playchess.com"]
[Source "ChessBase"]
[SourceQuality "1"]
[TimeControl "40/5400+30:1800+30"]

1. e4 e5 2. Nf3 Nc6 3. Bc4 Nd4 4. Nxd4 exd4 5. c3 ({Better is} 5. O-O $16) 5... Qg5 {[%emt 0:08:52] [#] C50: Hungarian Defence and Giuoco Pianissimo} (5... Nf6 $14) (5... Bc5 6. Bxf7+ Ke7 7. O-O Nf6 8. Bb3 d5 9. d3 h6 10. cxd4 Bxd4 11. Nc3 Ng4 12. Nxd5+ Ke8 13. Bf4 Rf8 14. Nxc7+ Ke7 15. Qd2 Rxf4 16. Qxf4 Be5 17. Qf7+ Kd6 18. Ne8+ Kc6 {1-0 (18) Luciani,C (2225)-Petrovic,M (2210) Nova Gorica 2001}) 6. Qf3 (6. O-O $142 $1) 6... d5 $146 ({Predecessor:} 6... Nf6 7. O-O dxc3 8. Nxc3 Be7 9. d4 Qg4 10. Qxg4 Nxg4 11. h3 Nf6 12. f4 O-O 13. e5 {0-1 (54) Angiki,J-Abera,A Tromsoe 2014}) 7. exd5 Nf6 8. O-O Bd6 9. Re1+ Kd8 10. d3 Qh4 11. g3 Qg4 12. Nd2 h5 13. Qxg4 Bxg4 14. f3 Bf5 (14... dxc3 $16 15. bxc3 (15. fxg4 cxd2 16. Bxd2 hxg4 $11) 15... Bd7) 15. Ne4 Bxe4 16. dxe4 Bc5 17. cxd4 Bxd4+ 18. Be3 Bxe3+ 19. Rxe3 Nd7 20. e5 Nb6 21. Bb3 Ke7 22. Rc1 Rac8 {[%emt 0:00:38] [#]} 23. Rxc7+ $1 Rxc7 24. d6+ Kd7 25. dxc7 Rf8 $2 {[%emt 0:01:18] [#]} (25... Ke7 26. Rc3 Rc8) 26. Bxf7 $1 Kxc7 (26... Rc8 $142 27. Rc3 Na8 28. Bxh5 Rxc7 29. Rxc7+ Nxc7) 27. e6 Nd5 28. e7 Nxe7 29. Rxe7+ Kc6 30. Bxh5 g5 31. Kf2 Rf5 $18 32. Bg6 Ra5 33. Be4+ Kd6 34. Rxb7 Rxa2 35. h4 gxh4 36. gxh4 Ke5 37. h5 Ra6 38. Rg7 1-0

[Event "9. Korbacher Open 2017"]
[Site "Korbach"]
[Date "2017.10.20"]
[Round "3"]
[White "Flach, Helene"]
[Black "Naujocks, Christian"]
[Result "1-0"]
[ECO "C54"]
[WhiteElo "1862"]
[BlackElo "1654"]
[Annotator "NA RC"]
[PlyCount "55"]
[EventDate "2017.??.??"]
[EventType "swiss"]
[EventCountry "GER"]
[SourceTitle "playchess.com"]
[Source "ChessBase"]
[SourceQuality "1"]
[TimeControl "40/5400+30:1800+30"]

1. e4 e5 2. Nf3 Nc6 3. Bc4 Bc5 4. c3 Nf6 5. d3 O-O 6. O-O d6 7. Bb3 Bg4 {[%emt 0:01:10] LiveBook: 12 Games} 8. Nbd2 Qd7 9. Re1 {[%emt 0:00:43] C54: Giuoco Piano: 4 c3 Nf6, main lines with 5 d4 and 5 d3} Rfe8 (9... Rad8 10. Qe2 Kh8 11. Nf1 Nh5 12. h3 f5 13. d4 fxe4 14. Nxe5 dxe5 15. Qxg4 exd4 16. Qxh5 Rf5 {1-0 (32) Asrian,K (2621)-Babujian,L (2439) Yerevan 2008}) 10. Nf1 Rad8 11. h3 Bxf3 (11... Be6 $142) 12. Qxf3 d5 $146 ({Predecessor:} 12... h6 13. Bxh6 gxh6 14. Qxf6 Na5 15. Qg6+ Kf8 16. Qxh6+ Ke7 17. Qg5+ f6 18. Qg7# {1-0 (18) Liao,S (1682)-Mubarak,K Kemer 2009}) 13. Bg5 dxe4 14. dxe4 Be7 15. Ng3 h6 $2 {[%emt 0:01:40] [#]} (15... Na5 $16) 16. Be3 (16. Bxh6 $1 $18 {[%mdl 512] is more deadly.} gxh6 17. Nf5) 16... Rf8 (16... Na5 $16) 17. Rad1 Qe8 18. Nf5 Kh7 19. Qg3 Rg8 20. Qh4 Qf8 21. Bg5 Kg6 22. Bc1 Kh7 23. Rxd8 Bxd8 24. Rd1 Ne7 (24... g5 {keeps fighting.} 25. Qg3 Nxe4) 25. Bxf7 ({Schwächer ist} 25. Nxh6 Ng6 $16) 25... Qxf7 {[%emt 0:05:27] [#]} 26. Nxh6 $1 Qf8 $2 (26... Ng6 $18) 27. Nf7+ Kg6 28. Nxe5# 1-0

[Event "9. Korbacher Open 2017"]
[Site "Korbach"]
[Date "2017.10.20"]
[Round "3"]
[White "Timar-Geng, Zoltan"]
[Black "Rubina, Tatiana"]
[Result "1-0"]
[ECO "D00"]
[WhiteElo "1859"]
[BlackElo "2022"]
[Annotator "NA RC"]
[PlyCount "85"]
[EventDate "2017.??.??"]
[EventType "swiss"]
[EventCountry "GER"]
[SourceTitle "playchess.com"]
[Source "ChessBase"]
[SourceQuality "1"]
[TimeControl "40/5400+30:1800+30"]

1. d4 d5 2. Bf4 Nf6 3. e3 e6 4. Bd3 Be7 5. Nd2 {[%emt 0:00:27] LiveBook: 19 Partien} O-O 6. Ngf3 Nbd7 7. Ne5 c5 8. c3 Qb6 {[%emt 0:01:32] D02: Damenbauernspiele} (8... b6 9. Nc6 Qe8 10. Nf3 Bb7 11. Nxe7+ Qxe7 12. Ne5 Ne4 13. Nxd7 Qxd7 14. O-O Rfd8 15. Qe2 a5 16. Rad1 {1-0 (49) Kveinys,A (2530)-Nemcova,K (2267) Cappelle-la-Grande 2014}) 9. Rb1 Qa5 10. a3 c4 11. Bc2 Rd8 12. h4 $146 ({Vorgänger:} 12. O-O Nf8 13. Qe2 Re8 14. h3 Bd7 15. Ndf3 h6 16. Nh2 {0-1 (35) Meyer,M (1690)-Krausser,H (1855) Puschendorf 1999}) 12... Nf8 13. h5 Ne8 (13... N8d7 $16 {keeps fighting.}) 14. Qg4 f5 (14... Bd6 $16 {is a better defense.}) 15. Qg3 Bf6 16. Ndf3 Bd7 17. Nxd7 Rxd7 18. Ne5 (18. Rg1 $16) 18... Re7 19. f3 Rc8 20. Qh3 Qd8 21. g4 fxg4 22. Qxg4 b5 (22... Bxe5 $16 23. Bxe5 (23. dxe5 Qb6 $16) 23... Rf7) 23. Ke2 a5 24. Rbg1 b4 {[%emt 0:00:35] [#]} (24... Bxe5 $142 25. Bxe5 (25. dxe5 Qb6 $14) 25... b4) 25. Qh3 $2 (25. h6 $1 $18 Bxe5 26. dxe5 (26. Bxe5 g6 $18)) 25... bxc3 26. bxc3 Qb6 27. Rb1 Qa7 28. Rhg1 Rd8 $2 (28... Bxe5 29. Bxe5 Rf7) 29. Nc6 Qd7 30. Nxd8 Qxd8 31. Rb8 Qd7 32. Rgb1 Qa7 33. Qg3 Nd7 34. R1b7 Qa6 {[%emt 0:00:50] [#]} 35. Rxe8+ (35. Rxd7 $142 $1 Qc6 (35... Rxd7 36. Rxe8+) 36. Rxe7 Bxe7 {[#]} 37. Bxh7+ $1 Kxh7 38. Qg6+ Kg8 39. Be5 Bf8 40. Bxg7) 35... Rxe8 36. Rxd7 Qb5 37. Rc7 Qb2 38. Kd2 Qxa3 39. Be5 Bxe5 40. Qxe5 Qf8 {[%emt 0:30:12] [#]} 41. Qg5 (41. h6 $142 $1 Re7 (41... gxh6 42. Bxh7#) 42. hxg7) 41... Kh8 {[%emt 0:01:16] [#]} 42. h6 $1 gxh6 43. Rxh7# 1-0

[Event "9. Korbacher Open 2017"]
[Site "Korbach"]
[Date "2017.10.20"]
[Round "3"]
[White "Koerber, Thomas"]
[Black "Duzy, Stefan"]
[Result "1/2-1/2"]
[ECO "A04"]
[WhiteElo "1857"]
[BlackElo "1935"]
[Annotator "NA RC"]
[PlyCount "35"]
[EventDate "2017.??.??"]
[EventType "swiss"]
[EventCountry "GER"]
[SourceTitle "playchess.com"]
[Source "ChessBase"]
[SourceQuality "1"]
[TimeControl "40/5400+30:1800+30"]

1. Nf3 d6 2. d4 Nf6 3. h3 g6 4. c3 Bg7 5. Nbd2 Nc6 6. e4 O-O 7. Be2 e5 8. d5 Ne7 9. O-O Nh5 10. Nb3 h6 11. Nh2 Nf4 12. Bg4 (12. Bxf4 $14 exf4 13. Nf3) 12... f5 13. Bf3 g5 14. exf5 Bxf5 15. Bxf4 $1 gxf4 16. Re1 Qe8 17. c4 Qg6 18. Bg4 $11 1/2-1/2

[Event "9. Korbacher Open 2017"]
[Site "Korbach"]
[Date "2017.10.20"]
[Round "3"]
[White "Forgach, Andreas"]
[Black "Simukov, Erik"]
[Result "1/2-1/2"]
[ECO "C77"]
[WhiteElo "1851"]
[BlackElo "1621"]
[Annotator "NA RC"]
[PlyCount "200"]
[EventDate "2017.??.??"]
[EventType "swiss"]
[EventCountry "GER"]
[SourceTitle "playchess.com"]
[Source "ChessBase"]
[SourceQuality "1"]
[TimeControl "40/5400+30:1800+30"]

1. e4 e5 2. Nf3 Nc6 3. Bb5 a6 4. Ba4 Nf6 5. d4 exd4 6. O-O Be7 7. e5 Ne4 8. Nxd4 Nxd4 9. Qxd4 Nc5 10. Nc3 Nxa4 11. Qxa4 O-O 12. Bf4 Bg5 13. Bg3 f6 (13... d6 $14) 14. exf6 Bxf6 15. Qc4+ Kh8 16. Bxc7 Qe8 (16... Qe7 {might work better.}) 17. Bd6 Rg8 18. Rae1 Qg6 19. Nd5 b5 20. Qd3 (20. Qc7 $16) 20... Qxd3 21. cxd3 Bb7 22. Nxf6 gxf6 23. f3 Rac8 24. Re2 Rce8 25. Rxe8 Rxe8 26. Kf2 Re6 27. Bg3 Kg8 28. Re1 Kf7 29. Rxe6 dxe6 30. d4 Bd5 31. b3 Ke7 32. Ke3 Kd7 33. Kd3 Kc6 34. Kc3 Kb6 35. Bh4 f5 36. Bd8+ Kc6 37. Kb4 Kd6 38. Bf6 Kc6 39. Ka5 Kb7 40. Be5 Ka7 41. Bd6 Kb7 42. Kb4 Kc6 43. Bc5 Kc7 44. Ka5 Kb7 45. Bb6 Bc6 46. Bd8 Ka7 (46... Bd7 $16) 47. Kb4 Kb7 48. Kc5 Bd5 49. Kd6 Kc8 50. Ba5 Kb7 51. Ke5 Kc6 52. Kf6 Kd7 53. Kg5 Ke8 54. Kh6 Kf7 55. Kxh7 Bc6 56. Kh6 (56. g4 $142) 56... Be8 57. Kg5 Kg7 58. h4 Bf7 59. h5 Bg8 60. Bc3 Kf7 61. h6 Bh7 62. f4 Bg6 63. Bb4 Bh7 64. Bd6 Bg6 65. a4 (65. Bf8 $142 Bh7 66. Bb4) 65... bxa4 {[%emt 0:00:09] [#]} 66. bxa4 (66. h7 $1 $18 Bxh7 67. bxa4) 66... Bh7 67. a5 Bg6 68. Be5 Bh7 69. Bg7 Bg6 70. Kh4 Bh7 71. Kg3 Bg6 72. Kf2 $2 (72. Be5 $18 {is the precise move to win.} Bh7 73. Kh4) 72... Ke7 73. Ke3 Kd6 74. Be5+ Kc6 75. Bf6 Bh7 76. Kf3 Kd7 77. g3 Bg6 (77... Kc6 $142 78. Kg2 Kd5) 78. g4 $2 (78. Be5 Ke7 79. g4) 78... fxg4+ $2 (78... Ke8 79. g5 Kd7) 79. Kxg4 Ke8 80. Kg5 Kf7 81. Bg7 Be4 82. Be5 Bh7 83. d5 exd5 84. f5 Bg8 85. Bd4 Bh7 86. Kf4 Bg8 87. Ke5 Bh7 88. Bc5 $2 Bg8 89. Bb6 $2 (89. Kxd5 Kf6+ 90. Ke4 Bh7 $16) 89... Bh7 90. Bc5 (90. Bd4 {mates} Ke7 91. Be3 Kf7 92. Bb6 Ke7 93. Kxd5 Kf6 $14) 90... Bg8 91. Bb6 Bh7 92. Bd8 d4 93. Bg5 d3 94. Bd2 Bg8 95. Ke4 ({White has to play} 95. Kd6 $18 Bh7 96. Kc7) 95... Bh7 96. Bg5 Ke8 97. Ke5 (97. Be3 $14) 97... Kf7 98. Bd2 Bg8 99. Bc3 $2 Bh7 100. Ke4 Ke8 $14 1/2-1/2

[Event "9. Korbacher Open 2017"]
[Site "Korbach"]
[Date "2017.10.20"]
[Round "3"]
[White "Shkolnyk, Boris"]
[Black "Hoekstra, Peter"]
[Result "0-1"]
[ECO "B06"]
[WhiteElo "1812"]
[BlackElo "2074"]
[Annotator "NA RC"]
[PlyCount "102"]
[EventDate "2017.??.??"]
[EventType "swiss"]
[EventCountry "GER"]
[SourceTitle "playchess.com"]
[Source "ChessBase"]
[SourceQuality "1"]
[TimeControl "40/5400+30:1800+30"]

1. d4 g6 2. e4 Bg7 3. Nf3 c5 4. c3 cxd4 5. Nxd4 {[%emt 0:03:00] B27: Sicilian: 2 Nf3, unusual Black 2nd moves} (5. cxd4 d5 6. e5 Bg4 7. Bb5+ Nd7 8. O-O e6 9. Nbd2 Ne7 10. h3 Bxf3 11. Nxf3 a6 12. Bd3 O-O 13. h4 f6 14. exf6 Bxf6 {1-0 (37) Andreikin,D (2736)-Savchenko,B (2613) Sochi 2016}) 5... Nc6 6. Nxc6 bxc6 7. Be3 Nf6 8. f3 O-O 9. Nd2 d5 10. Be2 e5 11. Bc5 Re8 12. O-O Bh6 $146 ({Predecessor:} 12... Nh5 13. b4 Nf4 14. Kh1 a5 15. Rg1 Ba6 16. Bxa6 Rxa6 17. bxa5 Rxa5 {0-1 (37) Zelovic,M (2006)-Merva,F (2062) Slovakia 2007}) 13. Nb3 dxe4 $2 (13... a5 $15 {keeps the upper hand.}) 14. Qxd8 Rxd8 {[%emt 0:00:56] [#]} 15. Be7 $1 exf3 16. gxf3 ({Don't do} 16. Bxd8 $6 Be3+ 17. Kh1 fxe2 $16) 16... Bh3 (16... Rd2 $16 17. Nxd2 Nd5) 17. Rfe1 (17. Bxf6 $18 Bxf1 18. Kxf1 (18. Rxf1 Rd7 $16)) 17... Nd5 18. Bxd8 Rxd8 19. Bf1 Bxf1 20. Rxf1 Ne3 21. Rf2 Nc4 22. Kh1 a5 23. Re1 Bg5 24. Rfe2 Bh4 {[%emt 0:09:58] [#]} (24... f5 $11 {keeps the balance.}) 25. Rf1 (25. Ra1 $1 $16 f5 26. Nc5) 25... f5 26. f4 (26. Nc5 $11) 26... e4 27. Nd4 Rd6 28. b3 Nb6 29. Nc2 Bf6 30. c4 $1 Nd7 31. b4 axb4 32. Nxb4 Nc5 33. a3 Na4 (33... Kf7 $17) 34. Kg2 Kf7 35. Rc2 Nc5 36. Ra2 Ke6 (36... Bc3 $15) 37. Rff2 (37. a4 $1 $11 {keeps the balance.}) 37... Bc3 38. Rfc2 {[%emt 0:00:44] [#]} Bxb4 $1 39. axb4 Nd3 40. Ra5 $2 (40. Ra1) 40... Nxb4 41. Rb2 Nd3 42. Rb7 $2 (42. Rb8 Nxf4+ 43. Kg3 Nh5+ 44. Kf2) 42... Nxf4+ 43. Kg3 Nh5+ 44. Kf2 Rd2+ 45. Ke3 Rd3+ 46. Kf2 f4 47. Rxh7 $2 (47. Rb6 Kd6 48. Raa6 Rd2+ 49. Kg1) 47... Rd2+ 48. Ke1 Rxh2 49. Raa7 Kf5 50. Ra6 f3 51. Rxc6 f2+ $19 0-1

[Event "9. Korbacher Open 2017"]
[Site "Korbach"]
[Date "2017.10.20"]
[Round "3"]
[White "Mak, Nico"]
[Black "Petras, Nils"]
[Result "0-1"]
[ECO "B53"]
[WhiteElo "1799"]
[BlackElo "1922"]
[Annotator "NA RC"]
[PlyCount "66"]
[EventDate "2017.??.??"]
[EventType "swiss"]
[EventCountry "GER"]
[SourceTitle "playchess.com"]
[Source "ChessBase"]
[SourceQuality "1"]
[TimeControl "40/5400+30:1800+30"]

1. e4 c5 2. Nf3 d6 3. d4 cxd4 4. Qxd4 Nc6 5. Bb5 Bd7 6. Bxc6 Bxc6 7. c4 Nf6 8. Nc3 g6 9. O-O Bg7 10. Rd1 {[%emt 0:02:21] B53: Sizilianisch (Ungarische Variante)} (10. Qd3 O-O 11. Nd4 Ng4 12. b3 Qb6 13. Nxc6 bxc6 14. Bb2 Qa5 15. h3 Ne5 16. Qe2 Rab8 17. f4 Nd7 18. Rf3 Nc5 19. Kh1 {1-0 (60) Kamsky,G (2744)-Gareev,T (2658) Rockville 2012}) 10... O-O 11. Qd3 Nd7 12. Bg5 $146 ({Vorgänger:} 12. Nd4 $14 {keeps the upper hand.} Nc5 13. Qc2 Bd7 14. Be3 a6 15. Rac1 Rc8 16. Qe2 Re8 17. f3 b6 {1-0 (32) Janev,E (2360)-Demirel,T (2335) Mangalia 1992}) 12... Nc5 13. Qe3 Bxc3 $1 14. Qxc3 Nxe4 15. Qd4 Nxg5 16. Nxg5 h6 17. Ne4 Qa5 18. Rd3 Qe5 19. Qxe5 dxe5 20. Nc3 Rfd8 21. Rad1 Rxd3 22. Rxd3 Kf8 23. g4 e6 24. Kf1 Ke7 25. b4 f5 26. b5 Be8 27. Re3 (27. Nb1 $17) 27... Kf6 ({Don't play} 27... fxg4 28. Rxe5 Rc8 29. c5 $17) 28. gxf5 gxf5 29. Rf3 (29. Nb1 $142) 29... Rc8 ({Black should play} 29... Rd8 $19 30. Ne4+ Ke7) 30. c5 $2 (30. Ne4+ Ke7 31. Nd2) 30... Ke7 31. b6 a6 32. Rg3 Rxc5 33. Rg7+ Bf7 $19 0-1

[Event "9. Korbacher Open 2017"]
[Site "Korbach"]
[Date "2017.10.20"]
[Round "3"]
[White "Van de Griend, Johan"]
[Black "Dijkhuis, Oele"]
[Result "0-1"]
[ECO "B72"]
[WhiteElo "1797"]
[BlackElo "2035"]
[Annotator "NA RC"]
[PlyCount "28"]
[EventDate "2017.??.??"]
[EventType "swiss"]
[EventCountry "GER"]
[SourceTitle "playchess.com"]
[Source "ChessBase"]
[SourceQuality "1"]
[TimeControl "40/5400+30:1800+30"]

1. e4 c5 2. Nf3 d6 3. d4 cxd4 4. Nxd4 Nf6 5. Nc3 g6 6. Be3 Bg7 {[%emt 0:00:07] LiveBook: 9516 Partien} 7. Be2 O-O 8. O-O Nc6 9. f4 Qb6 10. Nf5 $2 (10. Qd3 $11 {and White has nothing to worry.}) 10... Qxb2 11. Nb5 $2 (11. Na4 Qa3 12. c3 Nxe4 13. Nxg7 (13. Bc1 $2 Nxc3 14. Nxe7+ Nxe7 $19) 13... Nxc3 14. Nxc3 Qxc3 15. Bf2) 11... gxf5 12. Bc4 (12. Rb1 $142 Qxa2 13. Ra1) 12... Ng4 13. Rb1 Nxe3 14. Qf3 Qxc2 $19 0-1

[Event "9. Korbacher Open 2017"]
[Site "Korbach"]
[Date "2017.10.20"]
[Round "3"]
[White "Rehbein, Ullrich"]
[Black "Wuestehube, Harry"]
[Result "0-1"]
[ECO "A48"]
[WhiteElo "1778"]
[BlackElo "1906"]
[Annotator "NA RC"]
[PlyCount "59"]
[EventDate "2017.??.??"]
[EventType "swiss"]
[EventCountry "GER"]
[SourceTitle "playchess.com"]
[Source "ChessBase"]
[SourceQuality "1"]
[TimeControl "40/5400+30:1800+30"]

1. d4 Nf6 2. Nf3 g6 3. Bf4 Bg7 4. h3 d6 {[%emt 0:00:11] LiveBook: 154 Partien} 5. e3 O-O 6. Be2 Nbd7 7. O-O Re8 8. c3 e6 9. Nbd2 b6 10. Re1 Bb7 11. Rc1 Qe7 12. Qc2 e5 13. Bg5 e4 14. Nh2 h6 15. Bh4 Qe6 16. c4 Nh7 17. Bg3 c5 18. Red1 cxd4 19. exd4 {[%emt 0:07:14] [#]} e3 $1 ({Doch nicht} 19... Bxd4 $6 20. Nb3 $11) 20. Nb3 (20. Ndf3 $17 {was called for.}) 20... exf2+ 21. Kf1 {[%emt 0:00:01] [#]} Bxg2+ $1 22. Kxf2 $2 (22. Kxg2 {nothing else works.} Qxe2 23. Bxf2) 22... Bxh3 23. Qd2 Ng5 24. Bd3 Ne4+ 25. Bxe4 Qxe4 26. Nf3 (26. Kg1 $142) 26... Bg4 27. Rc3 Bf8 28. Re1 Qf5 29. Rh1 (29. Kg1 $142) 29... Nf6 30. Re1 $19 0-1

[Event "9. Korbacher Open 2017"]
[Site "Korbach"]
[Date "2017.10.20"]
[Round "3"]
[White "Bayer, Martin"]
[Black "Kirchner, Markus"]
[Result "1-0"]
[ECO "C02"]
[WhiteElo "1732"]
[BlackElo "1884"]
[Annotator "NA RC"]
[PlyCount "25"]
[EventDate "2017.??.??"]
[EventType "swiss"]
[EventCountry "GER"]
[SourceTitle "playchess.com"]
[Source "ChessBase"]
[SourceQuality "1"]
[TimeControl "40/5400+30:1800+30"]

1. e4 e6 2. d4 d5 3. e5 c5 4. c3 Nc6 5. Nf3 Bd7 6. a3 a5 7. Be2 Qb6 {[%emt 0:00:55] LiveBook: 32 Games} 8. O-O cxd4 ({Lieber} 8... a4 $11) 9. cxd4 Nge7 10. Nc3 Nf5 11. Nb5 Nxe5 $2 (11... h5 $14) 12. dxe5 Bxb5 {[%emt 0:00:25] [#]} 13. Qb3 $18 1-0

[Event "9. Korbacher Open 2017"]
[Site "Korbach"]
[Date "2017.10.20"]
[Round "3"]
[White "Sakhra, Roman"]
[Black "Basovskiy, Jana"]
[Result "1-0"]
[ECO "D02"]
[WhiteElo "1489"]
[BlackElo "1825"]
[Annotator "NA RC"]
[PlyCount "81"]
[EventDate "2017.??.??"]
[EventType "swiss"]
[EventCountry "GER"]
[SourceTitle "playchess.com"]
[Source "ChessBase"]
[SourceQuality "1"]
[TimeControl "40/5400+30:1800+30"]

1. d4 d5 2. Bf4 Nf6 3. Nf3 e6 4. e3 Be7 {[%emt 0:00:28] LiveBook: 140 Games} 5. Bd3 O-O 6. Nbd2 b6 7. O-O Bb7 8. Ne5 c5 9. c3 Nbd7 10. Ndf3 {[%emt 0:00:13] D02: 1 d4 d5 2 Nf3 sidelines, including 2...Nf6 3 g3 and 2...Nf6 3 Bf4} (10. Qf3 a6 11. Rad1 b5 12. Qh3 Re8 13. Ndf3 Ne4 14. Nxd7 Qxd7 15. dxc5 Qc8 16. Bd6 Bxd6 17. cxd6 Nf6 18. Ne5 Rd8 19. Ng4 Rxd6 20. Nxf6+ {1-0 (20) Hoang,T (2464)-Ptacnikova,L (2281) Istanbul 2012}) 10... Rc8 11. Nxd7 Qxd7 $146 ({Predecessor:} 11... Nxd7 12. Ne5 Nxe5 13. Bxe5 Bf6 14. Bxf6 Qxf6 {0-1 (28) Da Silva,J (1703)-Gomes Filho,C (1982) Fortaleza 2017}) 12. Ne5 Qd8 13. Qf3 Ne4 14. Qg4 g6 (14... f5 $11 15. Qh3 g5) 15. Bh6 Re8 16. f3 (16. Bb5 $16) 16... Nf6 {[%emt 0:00:17] [#]} (16... f5 $1 $11 17. Qh3 Nd6) 17. Qf4 $1 c4 18. Bc2 b5 19. a3 Bd6 20. g4 Rc7 (20... Qe7 {war einen Versuch wert.}) 21. h4 Bf8 22. Bg5 Bg7 23. Kf2 (23. Kg2 $142) 23... Qe7 (23... Ne4+ $16 {is a better defense.} 24. Bxe4 (24. fxe4 f6 $16) 24... f6) 24. Rh1 (24. Kg2 $18) 24... Rf8 (24... Ne4+ $142 25. Bxe4 f6) 25. Rh3 Ba8 26. Rah1 a5 (26... Ne4+ $142 27. Bxe4 f6) 27. h5 Qd8 28. Bh6 (28. hxg6 $142 fxg6 29. Qh2) 28... Bxh6 29. Qxh6 Qe8 30. hxg6 (30. g5 $142 Ne4+ 31. fxe4 f6 32. gxf6 Rxf6+ 33. Ke1 Rg7 34. exd5 Bxd5 35. hxg6) 30... fxg6 31. Ke2 Rg7 32. g5 Nh5 {[%emt 0:02:42] [#]} 33. Bxg6 $1 hxg6 34. Rxh5 $1 gxh5 35. Rxh5 Qxh5 36. Qxh5 Rh7 37. Qg6+ Kh8 38. Qxe6 $18 Kg7 39. f4 Rh2+ 40. Kf3 Rh7 41. f5 1-0

[Event "9. Korbacher Open 2017"]
[Site "Korbach"]
[Date "2017.10.20"]
[Round "3"]
[White "Hildebrand, Georg"]
[Black "Goetz, Jan"]
[Result "1/2-1/2"]
[ECO "A20"]
[WhiteElo "1477"]
[BlackElo "1890"]
[Annotator "NA RC"]
[PlyCount "84"]
[EventDate "2017.??.??"]
[EventType "swiss"]
[EventCountry "GER"]
[SourceTitle "playchess.com"]
[Source "ChessBase"]
[SourceQuality "1"]
[TimeControl "40/5400+30:1800+30"]

1. c4 e5 2. a3 c5 3. Nc3 Nc6 4. g3 g6 5. Bg2 Bg7 6. Nf3 Nge7 7. O-O O-O 8. d3 d6 9. Rb1 a5 10. e3 Be6 {[%emt 0:01:08] A37: Symmetrical English vs ...g6: 4 Bg2 Bg7 5 Nf3} (10... h6 11. Nd5 Nxd5 12. cxd5 Ne7 13. Nd2 a4 14. b4 cxb4 15. Rxb4 b5 16. Nb1 Bd7 17. e4 Rc8 18. Be3 {0-1 (37) Koteski,D (2231)-Colovic,A (2500) Struga 2014}) 11. Nd2 $146 ({Predecessor:} 11. Bd2 f5 12. Ng5 Bc8 13. Nd5 h6 14. Nh3 g5 15. f4 exf4 16. gxf4 g4 17. Nf2 Ng6 18. b4 axb4 19. axb4 {1-0 (46) Kessler,L (1992)-Benzetsel,E (1744) Kemer 2009}) 11... d5 12. b3 ({Better is} 12. Qb3 $14 dxc4 13. dxc4) 12... b6 13. Bb2 Rb8 14. Ne2 Qd7 15. Kh1 (15. Nf3 $15) 15... Rbd8 16. d4 (16. Nc3 $142) 16... exd4 17. exd4 cxd4 18. Nf3 (18. Nf4 $17 {was called for.}) 18... Bf5 19. Ra1 d3 20. Bxg7 dxe2 21. Qxe2 Kxg7 22. Rfd1 Qe6 23. Qb2+ Qf6 24. Qxf6+ Kxf6 25. cxd5 Rxd5 26. Rxd5 Nxd5 27. Rc1 Nce7 28. h4 Rc8 29. Rxc8 Bxc8 30. Ng5 h6 31. Ne4+ Ke5 32. f4+ Kd4 33. Nd6 Be6 34. Nc4 Kc3 35. Bxd5 Bxd5+ 36. Kh2 Bxc4 37. bxc4 Kxc4 38. Kg2 b5 39. Kf2 b4 40. axb4 a4 41. b5 Kxb5 42. Ke2 a3 1/2-1/2

[Event "9. Korbacher Open 2017"]
[Site "Korbach"]
[Date "2017.10.20"]
[Round "3"]
[White "Mohammadi, Sholeh"]
[Black "Achermann, Didier"]
[Result "0-1"]
[ECO "E67"]
[WhiteElo "1190"]
[BlackElo "1811"]
[Annotator "NA RC"]
[PlyCount "43"]
[EventDate "2017.??.??"]
[EventType "swiss"]
[EventCountry "GER"]
[SourceTitle "playchess.com"]
[Source "ChessBase"]
[SourceQuality "1"]
[TimeControl "40/5400+30:1800+30"]

1. c4 Nf6 2. g3 g6 3. Bg2 Bg7 4. Nf3 O-O 5. d4 d6 6. Nc3 Nbd7 7. e4 a6 {[%emt 0:02:46] E72: King's Indian: 4 e4 d6 5 g3} (7... e5 8. O-O c6 9. h3 Qb6 10. c5 dxc5 11. dxe5 Ne8 12. e6 fxe6 13. Ng5 Ne5 14. f4 Nf7 15. Nxf7 Bd4+ 16. Kh2 Rxf7 17. e5 Nc7 18. Ne4 Nd5 19. h4 Qd8 20. h5 Rg7 21. Ng5 Qe8 22. hxg6 Qxg6 23. Be4 Qe8 24. Bd3 Bd7 25. Kg2 Bxb2 26. Rb1 Bxc1 27. Qxc1 {1-0 (52) Lohmann,H (2527)-Muzyka,N (2479) ICCF email 2008}) 8. Be3 $146 ({Predecessor:} 8. O-O c5 9. e5 Ne8 10. exd6 Nxd6 11. dxc5 Nxc5 12. Be3 Bxc3 13. bxc3 Qc7 14. Qd4 Ne6 15. Qh4 Nf5 16. Qe4 Nd6 17. Qh4 Nf5 18. Qe4 Nd6 {½-½ (18) Borsos,B (2278)-Szarvas,P (2173) Hungary 2015}) 8... c5 9. dxc5 Nxc5 10. Nd4 (10. Bxc5 $11 dxc5 11. e5) 10... Re8 11. O-O Rb8 12. Nde2 Ncd7 13. Rc1 b5 14. cxb5 axb5 15. b4 (15. Nd4 $16 Bb7 16. Ndxb5) 15... Ne5 16. a4 bxa4 17. Qxa4 Nfd7 18. b5 Nb6 19. Bxb6 Qxb6 20. Rcd1 $2 (20. Nd5 $16 {is forced if you want to stay better.} Qd8 21. Nd4) 20... Nd7 21. Rd3 $2 (21. Nd5 $1 $11 Qd8 22. Nd4) 21... Nc5 $1 22. Rd5 $19 (22. Qc4 Nxd3 23. Qxd3) 0-1